ORI
OREGON STATE UNIVERSITY BEAVERS @ UNIVERSITY OF NEBRASKA CORNHUSKERS
08/20/2044
 
TOP OF THE 1ST
Oregon State University Beavers batting - Pitching for University of Nebraska Cornhuskers : LHP Alejandro Rivera
Pitching: LHP Alejandro Rivera
Batting: RHB Vicente Guillen 0-0: Ball
1-0: Ball
2-0: Called Strike
2-1: Swinging Strike
2-2: Foul Ball, location: 2F
2-2: Strikes out swinging
Batting: RHB Joel Gomez 0-0: Ball
1-0: Fly out, F6 (Popup, 4M, EV 67.5 MPH)
Batting: RHB Xavier Williams 0-0: Ball
1-0: Ball
2-0: Called Strike
2-1: Ball
3-1: Base on Balls
Batting: RHB Roger Mitchell 0-0: Foul Ball, location: 2F
0-1: Ball
1-1: Ball
2-1: Foul Ball, location: 2F
2-2: Ball
3-2: Foul Ball, location: 2F
3-2: Foul Ball, location: 2F
3-2: Foul Ball, location: 2F
3-2: Base on Balls
Xavier Williams to second
Batting: LHB Karel Hort 0-0: Ball
1-0: Ball
2-0: Called Strike
2-1: Foul Ball, location: 2F
2-2: Ball
3-2: Base on Balls
Xavier Williams to third
Roger Mitchell to second
Batting: RHB Hisao Takei 0-0: Fly out, F7 (Flyball, 78D, EV 98.1 MPH)
Top of the 1st over - 0 runs, 0 hits, 0 errors, 3 left on base; Oregon State University 0 - University of Nebraska 0
BOTTOM OF THE 1ST
University of Nebraska Cornhuskers batting - Pitching for Oregon State University Beavers : RHP Johnathan Johnson
Pitching: RHP Johnathan Johnson
Batting: RHB Juan Ordonez 0-0: Called Strike
0-1: Foul Ball, location: 2F
0-2: SINGLE (Flyball, 89S, EV 93.8 MPH)
Batting: RHB Quan Tai 0-0: Ball
1-0: Called Strike
1-1: Ball
Juan Ordonez is caught stealing 2nd base 2-4
2-1: Called Strike
2-2: Ground out 5-3 (Groundball, 5, EV 101.3 MPH)
Batting: RHB Kekoa Kahele 0-0: Ball
1-0: Ball
2-0: Ball
3-0: Base on Balls
Batting: RHB Nate Henderson 0-0: Called Strike
0-1: Ball
1-1: Ball
2-1: Foul Ball, location: 2F
2-2: Ball
3-2: Ground out 4-3 (Groundball, 4, EV 77.5 MPH)
Bottom of the 1st over - 0 runs, 1 hit, 0 errors, 1 left on base; Oregon State University 0 - University of Nebraska 0
TOP OF THE 2ND
Oregon State University Beavers batting - Pitching for University of Nebraska Cornhuskers : LHP Alejandro Rivera
Batting: LHB Mike Becerra 0-0: Foul Ball, location: 2F
0-1: Swinging Strike
0-2: Foul Ball, location: 2F
0-2: Ball
1-2: Ground out 4-3 (Groundball, 4S, EV 69.4 MPH)
Batting: RHB Noel Bodkin 0-0: Ball
1-0: Swinging Strike
1-1: Called Strike
1-2: Strikes out looking
Batting: RHB Branden Rodrigues 0-0: Ball
1-0: Ball
2-0: Ball
3-0: Called Strike
3-1: Base on Balls
Batting: RHB Vicente Guillen 0-0: Fly out, F9 (Flyball, 9D, EV 99.4 MPH)
Top of the 2nd over - 0 runs, 0 hits, 0 errors, 1 left on base; Oregon State University 0 - University of Nebraska 0
BOTTOM OF THE 2ND
University of Nebraska Cornhuskers batting - Pitching for Oregon State University Beavers : RHP Johnathan Johnson
Batting: RHB Doug Thornsberry 0-0: Ball
1-0: Called Strike
1-1: Swinging Strike
1-2: Ball
2-2: Fly out, F9 (Flyball, 9LM, EV 78.8 MPH)
Batting: SHB Jim Lloyd 0-0: Called Strike
0-1: Fly out, F8 (Flyball, 89D, EV 87.5 MPH)
Batting: LHB Fernão Manta 0-0: Ball
1-0: Ball
2-0: Ball
3-0: Called Strike
3-1: Called Strike
3-2: Ground out 4-3 (Groundball, 4, EV 75.6 MPH)
Bottom of the 2nd over - 0 runs, 0 hits, 0 errors, 0 left on base; Oregon State University 0 - University of Nebraska 0
TOP OF THE 3RD
Oregon State University Beavers batting - Pitching for University of Nebraska Cornhuskers : LHP Alejandro Rivera
Batting: RHB Joel Gomez 0-0: Ball
1-0: Foul Ball, location: 2F
1-1: Called Strike
1-2: DOUBLE (Flyball, 89XD, EV 107.5 MPH)
Batting: RHB Xavier Williams 0-0: SINGLE (Groundball, 56D, EV 108.8 MPH)
Joel Gomez to third
Runner from 3rd tries for Home, SAFE, throw by LF to home
Xavier Williams to second
Batting: RHB Roger Mitchell 0-0: Ball
1-0: Ball
2-0: Swinging Strike
2-1: Ball
3-1: Called Strike
3-2: Base on Balls
Batting: LHB Karel Hort 0-0: Called Strike
0-1: Ball
1-1: Foul Ball, location: 2F
1-2: Ball
2-2: Fielders Choice at 2nd, 4-6 (Groundball, 4M, EV 100.6 MPH)
Xavier Williams to third
Batting: RHB Hisao Takei 0-0: Ball
1-0: Ball
2-0: Ball
3-0: Base on Balls
Karel Hort to second
Batting: LHB Mike Becerra 0-0: SINGLE (Line Drive, 8RS, EV 109.4 MPH)
Xavier Williams scores
Karel Hort to third
Hisao Takei to second
Batting: RHB Noel Bodkin 0-0: Ball
1-0: Foul Ball, location: 2F
1-1: Foul Ball, location: 2F
1-2: Ball
2-2: Ball
3-2: Foul Ball, location: 2F
3-2: Foul Ball, location: 2F
3-2: Fly out, F9 (Flyball, 9D, EV 85.6 MPH)
Runner from 3rd tags up, SCORES, no throw by RF
Batting: RHB Branden Rodrigues 0-0: Called Strike
0-1: Called Strike
0-2: Ball
1-2: Foul Ball, location: 2F
1-2: Ball
2-2: Foul Ball, location: 2F
2-2: SINGLE (Groundball, 3D, EV 108.8 MPH)
Hisao Takei to third
Mike Becerra to second
Batting: RHB Vicente Guillen 0-0: Swinging Strike
0-1: Called Strike
0-2: Ball
1-2: Strikes out swinging
Top of the 3rd over - 3 runs, 4 hits, 0 errors, 3 left on base; Oregon State University 3 - University of Nebraska 0
BOTTOM OF THE 3RD
University of Nebraska Cornhuskers batting - Pitching for Oregon State University Beavers : RHP Johnathan Johnson
Batting: RHB Mohammed bin Ubaida 0-0: Ball
1-0: Ball
2-0: Ball
3-0: Called Strike
3-1: Swinging Strike
3-2: Ground out 1-3 (Groundball, P, EV 70.0 MPH)
Batting: RHB Bogumil Filipowski 0-0: Foul Ball, location: 2F
0-1: Swinging Strike
0-2: Strikes out swinging, 2-3 out at first.
Batting: RHB Juan Ordonez 0-0: Swinging Strike
0-1: Ball
1-1: Called Strike
1-2: Foul Ball, location: 2F
1-2: Strikes out swinging
Bottom of the 3rd over - 0 runs, 0 hits, 0 errors, 0 left on base; Oregon State University 3 - University of Nebraska 0
TOP OF THE 4TH
Oregon State University Beavers batting - Pitching for University of Nebraska Cornhuskers : LHP Alejandro Rivera
Batting: RHB Joel Gomez 0-0: Called Strike
0-1: Foul Ball, location: 2F
0-2: Ball
1-2: Ball
2-2: Ball
3-2: Fly out, F9 (Flyball, 89XD, EV 95.6 MPH)
Batting: RHB Xavier Williams 0-0: Called Strike
0-1: Hit by Pitch
Pitching: LHP Jamie Corbin
Batting: RHB Roger Mitchell 0-0: Ball
1-0: Ball
2-0: Foul Ball, location: 2F
2-1: Swinging Strike
2-2: 2-RUN HOME RUN (Flyball, 7D, EV 97.5 MPH), Distance : 380 ft
Batting: LHB Karel Hort 0-0: Called Strike
0-1: Foul Ball, location: 2F
0-2: Ball
1-2: Fly out, F8 (Flyball, 8LXD, EV 99.4 MPH)
Batting: RHB Hisao Takei 0-0: Swinging Strike
0-1: Fly out, F8 (Flyball, 8LD, EV 75.0 MPH)
Top of the 4th over - 2 runs, 1 hit, 0 errors, 0 left on base; Oregon State University 5 - University of Nebraska 0
BOTTOM OF THE 4TH
University of Nebraska Cornhuskers batting - Pitching for Oregon State University Beavers : RHP Johnathan Johnson
Batting: RHB Quan Tai 0-0: Called Strike
0-1: Ball
1-1: SINGLE (Groundball, 5S, EV 70.0 MPH) (infield hit)
Batting: RHB Kekoa Kahele 0-0: Ball
1-0: Fielders Choice at 2nd, 6-4 (Groundball, 6, EV 109.4 MPH)
Batting: RHB Nate Henderson 0-0: Ball
1-0: Foul Ball, location: 2F
1-1: Foul Ball, location: 2F
1-2: Ball
2-2: Ball
3-2: SINGLE (Groundball, 4M, EV 96.3 MPH)
Kekoa Kahele to second
Kekoa Kahele to third
Batting: RHB Doug Thornsberry 0-0: Called Strike
0-1: Fielders Choice at 2nd, 5-4 (Groundball, 56, EV 99.4 MPH)
Kekoa Kahele scores
Batting: SHB Jim Lloyd 0-0: Called Strike
Doug Thornsberry steals 2nd base
0-1: Ball
1-1: Ball
2-1: Ball
Passed Ball!
Doug Thornsberry to third
3-1: SINGLE (Line Drive, 3, EV 98.1 MPH)
Doug Thornsberry scores
Batting: LHB Fernão Manta 0-0: Ball
1-0: Called Strike
1-1: SINGLE (Line Drive, 7S, EV 98.8 MPH)
Jim Lloyd to second
Batting: RHB Mohammed bin Ubaida 0-0: Foul Ball, location: 2F
0-1: Foul Ball, location: 2F
0-2: Ball
1-2: Fielders Choice at 2nd, 6-4 (Groundball, 6, EV 102.5 MPH)
Bottom of the 4th over - 2 runs, 4 hits, 0 errors, 2 left on base; Oregon State University 5 - University of Nebraska 2
TOP OF THE 5TH
Oregon State University Beavers batting - Pitching for University of Nebraska Cornhuskers : LHP Jamie Corbin
Batting: LHB Mike Becerra 0-0: Swinging Strike
0-1: Swinging Strike
0-2: Ball
1-2: Ball
2-2: Ball
3-2: SINGLE (Flyball, 5D, EV 95.0 MPH)
Batting: RHB Noel Bodkin 0-0: Ball
1-0: DOUBLE (Flyball, 78XD, EV 96.3 MPH)
Mike Becerra to third
Runner from 3rd tries for Home, SAFE, throw by CF to trailing runner, OUT at third! 8-3-5
Batting: RHB Branden Rodrigues 0-0: Called Strike
0-1: Ball
1-1: Fly out, F8 (Line Drive, 8RS, EV 99.4 MPH)
Batting: RHB Vicente Guillen 0-0: Called Strike
0-1: Ball
1-1: Foul Ball, location: 2F
1-2: Ground out 4-3 (Groundball, 4MD, EV 82.5 MPH)
Top of the 5th over - 1 run, 2 hits, 0 errors, 0 left on base; Oregon State University 6 - University of Nebraska 2
BOTTOM OF THE 5TH
University of Nebraska Cornhuskers batting - Pitching for Oregon State University Beavers : RHP Johnathan Johnson
Batting: RHB Bogumil Filipowski 0-0: Ball
1-0: Ground out 6-3 (Groundball, 6S, EV 90.0 MPH)
Batting: RHB Juan Ordonez 0-0: Foul Ball, location: 2F
0-1: Fly out, F8 (Line Drive, 8LD, EV 97.5 MPH)
Batting: RHB Quan Tai 0-0: Ball
1-0: SINGLE (Line Drive, 6MD, EV 96.3 MPH)
Pitching: RHP Joe Catron
Batting: RHB Kekoa Kahele 0-0: Called Strike
0-1: SINGLE (Line Drive, 56D, EV 101.9 MPH)
Quan Tai to second
Batting: RHB Nate Henderson 0-0: Foul Ball, location: 2F
0-1: Ball
1-1: Ball
2-1: Foul Ball, location: 2F
2-2: Foul Ball, location: 2F
2-2: Ball
3-2: Fly out, F7 (Flyball, 7S, EV 90.6 MPH)
Bottom of the 5th over - 0 runs, 2 hits, 0 errors, 2 left on base; Oregon State University 6 - University of Nebraska 2
TOP OF THE 6TH
Oregon State University Beavers batting - Pitching for University of Nebraska Cornhuskers : LHP Jamie Corbin
Batting: RHB Joel Gomez 0-0: Ball
1-0: Ball
2-0: Hit by Pitch
Batting: RHB Xavier Williams 0-0: Ground out 4-3 (Groundball, 34, EV 103.8 MPH)
Joel Gomez to second
Batting: RHB Roger Mitchell 0-0: Called Strike
0-1: Ball
1-1: Swinging Strike
1-2: Fly out, F8 (Flyball, 8RD, EV 99.4 MPH)
Batting: LHB Karel Hort 0-0: Foul Ball, location: 2F
0-1: Ground out 4-3 (Groundball, 4M, EV 80.0 MPH)
Top of the 6th over - 0 runs, 0 hits, 0 errors, 1 left on base; Oregon State University 6 - University of Nebraska 2
BOTTOM OF THE 6TH
University of Nebraska Cornhuskers batting - Pitching for Oregon State University Beavers : RHP Joe Catron
Batting: RHB Doug Thornsberry 0-0: Foul Ball, location: 2F
0-1: Foul Ball, location: 2F
0-2: Ball
1-2: Foul Ball, location: 2F
1-2: Ball
2-2: Ball
3-2: Strikes out swinging
Batting: SHB Jim Lloyd 0-0: Called Strike
0-1: Foul Ball, location: 2F
0-2: Ball
1-2: Ground out U3 (Groundball, 34, EV 101.9 MPH)
Batting: LHB Fernão Manta 0-0: Ball
1-0: Fly out, F8 (Flyball, 8LD, EV 90.6 MPH)
Bottom of the 6th over - 0 runs, 0 hits, 0 errors, 0 left on base; Oregon State University 6 - University of Nebraska 2
TOP OF THE 7TH
Oregon State University Beavers batting - Pitching for University of Nebraska Cornhuskers : LHP Jamie Corbin
Batting: RHB Hisao Takei 0-0: SOLO HOME RUN (Flyball, 9D, EV 100.0 MPH), Distance : 372 ft
Pitching: RHP Carlos Guerrero
Batting: LHB Mike Becerra 0-0: Ball
1-0: Foul Ball, location: 2F
1-1: Foul Ball, location: 2F
1-2: Ball
2-2: Foul Ball, location: 2F
2-2: Ball
3-2: SINGLE (Groundball, 6D, EV 102.5 MPH)
Batting: RHB Noel Bodkin 0-0: Called Strike
0-1: Foul Ball, location: 2F
0-2: Foul Ball, location: 2F
0-2: Strikes out swinging
Batting: RHB Branden Rodrigues 0-0: Called Strike
0-1: Fielders Choice at 2nd, 4-6 (Groundball, 4, EV 81.3 MPH)
Batting: RHB Vicente Guillen 0-0: DOUBLE (Line Drive, 89D, EV 110.6 MPH)
Branden Rodrigues to third
Runner from 3rd tries for Home, SAFE, no throw by CF
Batting: RHB Joel Gomez 0-0: Ball
1-0: DOUBLE (Line Drive, 7LM, EV 106.9 MPH)
Vicente Guillen scores
Batting: RHB Xavier Williams 0-0: Called Strike
0-1: 2-RUN HOME RUN (Flyball, 78XD, EV 108.8 MPH), Distance : 410 ft
Pitching: RHP Dave McGregor
Batting: RHB Roger Mitchell 0-0: Ball
1-0: Swinging Strike
1-1: Called Strike
1-2: Foul Ball, location: 2F
1-2: Strikes out swinging
Top of the 7th over - 5 runs, 5 hits, 0 errors, 0 left on base; Oregon State University 11 - University of Nebraska 2
BOTTOM OF THE 7TH
University of Nebraska Cornhuskers batting - Pitching for Oregon State University Beavers : RHP Joe Catron
Pinch Hitting: RHB Tyler Layne 0-0: Ball
1-0: Ball
2-0: Called Strike
2-1: SINGLE (Line Drive, 3D, EV 99.4 MPH)
Batting: RHB Bogumil Filipowski 0-0: Ball
1-0: Swinging Strike
1-1: Ball
Tyler Layne steals 2nd base (no throw)
2-1: Ball
3-1: Foul Ball, location: 2F
3-2: Foul Ball, location: 2F
3-2: Base on Balls
Batting: RHB Juan Ordonez 0-0: Ball
1-0: Foul Ball, location: 2F
1-1: Foul Ball, location: 2F
1-2: Ball
2-2: DOUBLE (Line Drive, 3D, EV 98.8 MPH)
Tyler Layne scores
Bogumil Filipowski to third
Runner from 3rd tries for Home, SAFE, no throw by RF
Batting: RHB Quan Tai 0-0: Ball
1-0: Called Strike
1-1: Foul Ball, location: 2F
1-2: Strikes out swinging
Batting: RHB Kekoa Kahele 0-0: Fly out, F9 (Flyball, 9S, EV 91.3 MPH)
Batting: RHB Nate Henderson 0-0: DOUBLE (Flyball, 78D, EV 103.8 MPH)
Juan Ordonez scores
Batting: RHB Doug Thornsberry 0-0: Foul Ball, location: 2F
0-1: Called Strike
0-2: Ball
1-2: Ball
2-2: Ground out 1-3 (Groundball, 13, EV 67.5 MPH)
Bottom of the 7th over - 3 runs, 3 hits, 0 errors, 1 left on base; Oregon State University 11 - University of Nebraska 5
TOP OF THE 8TH
Oregon State University Beavers batting - Pitching for University of Nebraska Cornhuskers : RHP Dave McGregor
Now at SS: Tyler Layne
Batting: LHB Karel Hort 0-0: Ball
1-0: Swinging Strike
1-1: Foul Ball, location: 2F
1-2: Ball
2-2: Ball
3-2: Fly out, F8 (Line Drive, 8RM, EV 96.3 MPH)
Batting: RHB Hisao Takei 0-0: Called Strike
0-1: Fly out, F7 (Flyball, 7LD, EV 85.6 MPH)
Batting: LHB Mike Becerra 0-0: Called Strike
0-1: Foul Ball, location: 2F
0-2: Strikes out swinging
Top of the 8th over - 0 runs, 0 hits, 0 errors, 0 left on base; Oregon State University 11 - University of Nebraska 5
BOTTOM OF THE 8TH
University of Nebraska Cornhuskers batting - Pitching for Oregon State University Beavers : RHP Joe Catron
Batting: SHB Jim Lloyd 0-0: Ground out U3 (Groundball, 34S, EV 77.5 MPH)
Batting: LHB Fernão Manta 0-0: Foul Ball, location: 2F
0-1: Foul Ball, location: 2F
0-2: Ball
1-2: Ball
2-2: Foul Ball, location: 2F
2-2: Foul Ball, location: 2F
2-2: Foul Ball, location: 2F
2-2: Foul Ball, location: 2F
2-2: Ball
3-2: Ground out 6-3 (Groundball, 6M, EV 103.8 MPH)
Pinch Hitting: SHB Karl Starnes 0-0: Ball
1-0: Foul Ball, location: 2F
1-1: Ball
2-1: Swinging Strike
2-2: Strikes out swinging
Bottom of the 8th over - 0 runs, 0 hits, 0 errors, 0 left on base; Oregon State University 11 - University of Nebraska 5
TOP OF THE 9TH
Oregon State University Beavers batting - Pitching for University of Nebraska Cornhuskers : RHP Dave McGregor
Now at SS: Eric Guy
Pinch Hitting: LHB Jose Rodriguez 0-0: Foul Ball, location: 2F
0-1: Ball
1-1: Ball
2-1: Called Strike
2-2: Ball
3-2: Base on Balls
Batting: RHB Branden Rodrigues 0-0: Called Strike
0-1: Ball
1-1: Swinging Strike
1-2: Strikes out swinging
Batting: RHB Vicente Guillen 0-0: Ball
1-0: Ball
2-0: Ball
3-0: Base on Balls
Jose Rodriguez to second
Batting: RHB Joel Gomez 0-0: Ball
1-0: Ball
2-0: Called Strike
2-1: SINGLE (Groundball, 4MD, EV 97.5 MPH)
Jose Rodriguez to third
Vicente Guillen to second
Pinch Hitting: SHB Paul Jaques 0-0: Called Strike
0-1: Swinging Strike
0-2: SINGLE (Groundball, 5D, EV 94.4 MPH)
Jose Rodriguez scores
Vicente Guillen to third
Joel Gomez to second
Runner from 3rd tries for Home, SAFE, throw by LF to home
Pinch Hitting: RHB Jose Esparza 0-0: Called Strike
0-1: Ball
1-1: Ball
2-1: Ball
3-1: Foul Ball, location: 2F
3-2: Base on Balls
Joel Gomez to third
Paul Jaques to second
Pinch Hitting: RHB Tatsuya Watanabe 0-0: Foul Ball, location: 2F
0-1: Swinging Strike
0-2: Ball
1-2: Ball
2-2: Ball
3-2: Foul Ball, location: 2F
3-2: Base on Balls
Joel Gomez scores
Paul Jaques to third
Jose Esparza to second
Pinch Hitting: SHB Jake Hayes 0-0: Ball
1-0: Ball
2-0: Ball
3-0: Called Strike
3-1: Swinging Strike
3-2: Strikes out swinging
Pinch Hitting: RHB Gustavo Diaz 0-0: Ball
1-0: Fly out, F7 (Flyball, 7, EV 95.0 MPH)
Top of the 9th over - 3 runs, 2 hits, 0 errors, 3 left on base; Oregon State University 14 - University of Nebraska 5
BOTTOM OF THE 9TH
University of Nebraska Cornhuskers batting - Pitching for Oregon State University Beavers : RHP Joe Catron
Now at C: Jake Hayes
Now at 1B: Jose Rodriguez
Now at 2B: Antonio Hernandez
Now at 3B: Justin Cook
Now in LF: Gustavo Diaz
Now in RF: Jose Esparza
Pinch Hitting: RHB Tacito Carreiro 0-0: Called Strike
0-1: Hit by Pitch
Pitching: RHP Diego Barillas
Batting: RHB Juan Ordonez 0-0: DOUBLE (Line Drive, 8LXD, EV 109.4 MPH)
Tacito Carreiro to third
Batting: RHB Quan Tai 0-0: Ball
1-0: Ball
2-0: Called Strike
2-1: Ball
3-1: DOUBLE (Line Drive, 9LS, EV 107.5 MPH)
Tacito Carreiro scores
Juan Ordonez scores
Batting: RHB Kekoa Kahele 0-0: Ball
1-0: Swinging Strike
1-1: Ball
2-1: Fly out, F4 (Line Drive, 4, EV 62.5 MPH)
Pinch Hitting: RHB Xavier Rivas 0-0: Called Strike
0-1: Ball
1-1: Fly out, F7 (Line Drive, 7, EV 93.8 MPH)
Pinch Hitting: RHB Kevin Dionne 0-0: Swinging Strike
0-1: Ball
1-1: Called Strike
1-2: Strikes out looking
Bottom of the 9th over - 2 runs, 2 hits, 0 errors, 1 left on base; Oregon State University 14 - University of Nebraska 7
Thursday, March 31st , 2022 - OOTP Baseball 22.12 Build 89